 Dungeon Crawl Stone Soup version 0.17.0-73-gb648821 (webtiles) character file.

158 dorian the Conjurer (level 5, -7/31 HPs)
             Began as an Octopode Conjurer on Dec 10, 2015.
             Mangled by homeworkjunkie's ghost (9 damage)
             ... on level 3 of the Dungeon.
             The game lasted 00:04:32 (2991 turns).

dorian the Conjurer (Octopode Conjurer)             Turns: 2991, Time: 00:04:32

Health: -7/31      AC:  1    Str:  7    XL:     5   Next: 40%
Magic:  1/9        EV: 12    Int: 19    God:
Gold:   194        SH:  0    Dex: 12    Spells: 2 memorised, 7 levels left

rFire  . . .     SeeInvis +     w - +1 whip (elec)
rCold  . . .     Clarity  .     (no shield)
rNeg   . . .     SustAt   .     (helmet restricted)
rPois  .         Gourm    .     (no amulet)
rElec  .         Spirit   .     h - ring of see invisible
rCorr  .         Warding  .     (no ring)
rMut   .         Stasis   .     (no ring)
MR     .....                    (no ring)
Stlth  +++.......               (no ring)
                                (no ring)
                                (no ring)
                                (no ring)

@: not resistant to hostile enchantments, fairly stealthy
A: almost no armour, amphibious, 8 rings, constrict 8, camouflage 1, gelatinous
body 1
a: no special abilities


You were on level 3 of the Dungeon.
You were not hungry.

You visited 1 branch of the dungeon, and saw 3 of its levels.

You collected 194 gold pieces.

Inventory:

Hand Weapons
 w - a +1 whip of electrocution (weapon)
Jewellery
 h - a ring of see invisible (left tentacle)
 q - an uncursed amulet of faith
Scrolls
 d - a scroll of fear {unknown}
 e - 2 scrolls of blinking {unknown}
 g - a scroll of remove curse {unknown}
 i - 2 scrolls of identify {unknown}
 n - a scroll of noise {unknown}
 o - 2 scrolls of teleportation {unknown}
 s - 2 scrolls of enchant weapon {unknown}
Potions
 f - a potion of lignification {unknown}
 k - a potion of heal wounds {unknown}
 m - 2 potions of degeneration {unknown}
 p - a potion of poison {unknown}
 t - a potion of berserk rage {unknown}
 u - a potion of might {unknown}
 v - a potion of curing {unknown}
 x - a potion of magic {unknown}
Books
 a - a book of Conjurations

   Spells                             Type                      Level
   a - Magic Dart                     Conjuration                  1
   b - Searing Ray                    Conjuration                  2
   c - Dazzling Spray                 Conjuration/Hexes            3
   d - Fulminant Prism                Conjuration/Hexes            4
   e - Iskenderun's Mystic Blast      Conjuration                  4
   f - Iskenderun's Battlesphere      Conjuration/Charms           5
Comestibles
 b - 2 bread rations
 c - a slice of pizza
 j - a beef jerky
 l - a meat ration
 r - a royal jelly


   Skills:
 - Level 2.0 Dodging
 - Level 2.6 Stealth
 + Level 3.2 Spellcasting
 * Level 5.8 Conjurations


You had 7 spell levels left.
You knew the following spells:

 Your Spells              Type           Power        Failure   Level  Hunger
a - Magic Dart            Conj           ####         1%          1    None
b - Searing Ray           Conj           ####..       1%          2    ##.....


Dungeon Overview and Level Annotations

Branches:
Dungeon (3/15)

Altars:
Makhleb

Annotations:
D:3 homeworkjunkie's ghost, weakling HOFi


Innate Abilities, Weirdness & Mutations

You cannot wear most types of armour.
You are amphibious.
You can wear up to eight rings at the same time.
You can use your tentacles to constrict eight enemies at once.
Your skin changes colour to match your surroundings (Stealth).
Your rubbery body absorbs attacks (AC +1).


Message History

Homeworkjunkie's ghost is moderately damaged.
The searing ray misses homeworkjunkie's ghost.
The searing ray hits homeworkjunkie's ghost.
Homeworkjunkie's ghost is moderately damaged.
The searing ray hits homeworkjunkie's ghost.
Homeworkjunkie's ghost is severely damaged.
Homeworkjunkie's ghost hits you!
Casting: Searing Ray
Confirm with . or Enter, or press ? or * to list all spells.
Aiming: Searing Ray
Press: ? - help, Shift-Dir - straight line, f/p - homeworkjunkie's ghost
Aim: homeworkjunkie's ghost (severely damaged)
The searing ray hits homeworkjunkie's ghost.
Homeworkjunkie's ghost is almost destroyed.
Homeworkjunkie's ghost hits you!
* * * LOW HITPOINT WARNING * * *
You hit homeworkjunkie's ghost but do no damage.
Homeworkjunkie's ghost is almost destroyed.
Homeworkjunkie's ghost hits you!
You die...

.......#................
.......#................
.)..........(..........
.......................
#.>....####.........
####...................
#......................
#......................
#.....@W..........##...
#...........#..........
####......###..........
###........# #..........
..........####..........
.........(..............
.....(..................
.............<#'#.......
###...........#.#.......


You could see homeworkjunkie's ghost.

Vanquished Creatures
  Ijyb (D:3)
  Terence (D:3)
  4 gnolls (D:2)
  An adder (D:2)
  An ooze (D:2)
  2 giant geckos (D:2)
  3 orcs (D:3)
  A giant cockroach (D:2)
  3 hobgoblins
  8 kobolds
  A quokka (D:3)
  7 bats
  3 giant newts
  7 goblins
  11 rats
54 creatures vanquished.

Notes
Turn   | Place    | Note
--------------------------------------------------------------
     0 | D:1      | dorian the Octopode Conjurer began the quest for the Orb.
     0 | D:1      | Reached XP level 1. HP: 11/11 MP: 3/3
   295 | D:1      | Reached XP level 2. HP: 13/17 MP: 0/5
  1187 | D:2      | Reached XP level 3. HP: 21/21 MP: 4/6
  1513 | D:2      | Reached skill level 5 in Conjurations
  1513 | D:2      | Reached XP level 4. HP: 27/27 MP: 3/8
  2162 | D:2      | Learned a level 2 spell: Searing Ray
  2341 | D:3      | Noticed Ijyb
  2347 | D:3      | Killed Ijyb
  2347 | D:3      | Reached XP level 5. HP: 31/31 MP: 2/9
  2461 | D:3      | Found a burning altar of Makhleb.
  2541 | D:3      | Noticed homeworkjunkie's ghost (weakling HOFi)
  2543 | D:3      | Noticed Terence
  2569 | D:3      | Killed Terence
  2991 | D:3      | Mangled by homeworkjunkie's ghost

Action                   |  1- 3 |  4- 6 || total
-------------------------+-------+-------++-------
Melee: Unarmed           |    30 |    11 ||    41
       Whip              |       |    14 ||    14
 Cast: Magic Dart        |    50 |    33 ||    83
       Searing Ray       |       |     5 ||     5
 Stab: Sleeping          |       |     1 ||     1
  Eat: Chunk             |     2 |     5 ||     7
